 BcadrenCrawl: Boulder Brew version 0.06-688-g08e91b2d95 (webtiles) character file.

Game seed: 8718524546099411445

65 Leeroy the Ducker (level 3, 31/31 HPs) Silent Spectre Merfolk. Began on Jan 29, 2023. Got out of the dungeon intact. The game lasted 00:01:08 (423 turns).

Leeroy the Ducker (Silent Spectre Merfolk)           Turns: 423, Time: 00:01:08

Health: 31/31      AC:  4    Str: 10    XL:     3 ^: 4
Magic:  6/6        EV: 14    Int:  9    God:
Gold:   38         SH:  0    Dex: 20    Spells: 2/2 levels left

rFire    . . .     Slash    +   a - +0 long sword
rCold    + . .     Pierce   +   (no weapon)
rNeg     + + +     Bludgeon +   b - +0 leather armour
rCorr    . . .     Vision   .   f - +0 hat {MR+}
rPois    ∞         Gourm    .   e - +0 cloak
rElec    .         Faith    .   (no gloves)
MR       +....     Spirit   .   (no boots)
HPRegen  0.20/turn Reflect  .   (no amulet)
MPRegen  0.16/turn Harm     .   (no ring)
Stlth    ++........             (no ring)

@: silenced
A: silence aura 2, cold resistance 1, negative energy resistance 3, torment
resistance, unbreathing, petrification resistance, merfolk tail, silent casting,
insubstantial
a: no special abilities


You escaped.
You were not hungry.

You visited 1 branch of the dungeon, and saw 1 of its levels.

You collected 38 gold pieces.

Inventory:

Weapons
 a - a +0 long sword (weapon)
Armour
 b - a +0 leather armour (worn)
 c - a +0 helmet
 e - a +0 cloak (worn)
 f - a +0 hat of magic resistance (worn)
Jewellery
 h - a cursed ring of protection from magic {(Curse: rC-)}
Wands
 d - a wand of ensnaring (9)
Scrolls
 i - a scroll of bless item
Potions
 g - a potion of heal wounds
 j - 2 potions of magic


   Skills:
 + Level 2.3 Fighting
 + Level 3.6 Long Blades
 + Level 0.2 Armour
 + Level 4.3 Dodging
 + Level 1.1 Stealth
 + Level 0.1 Unarmed Combat
 + Level 2.4 Evocations


You had 2 spell levels left.
You didn't know any spells.
Your spell library was empty.

Dungeon Overview and Level Annotations

Branches:
Dungeon (1/8)

Altars:


Innate Abilities, Weirdness & Mutations

You are immune to poison.
You are surrounded by an aura of unnatural quiet.
You are cold resistant. (rC+)
You are immune to negative energy. (rN+++)
You are immune to unholy pain and torment.
You can survive without breathing.
You are immune to petrification.
On contact with water, your feet merge into a fishtail, which allows you to swim quickly, evasively and stealthily.
You can communicate with gods and cast spells while silenced.
Your insubstantial form grants resistance to all physical attack and full immunity to sticky flames, nets and constriction. (rPhysical+)


Message History

There are no items here.
Magic scrolls do not work when you're silenced!
Okay, then.
A rat comes into view.
A rat is nearby!
A rat is nearby!
The helpless rat fails to defend itself.
You slash the rat (12)!
It is lacerated severely!
You kill the rat!
No target in view!
No target in view!
No target in view!
No target in view!
Found a stone staircase leading down.
You see here a rat corpse.
There is an open gate here.
There is an open door here.
There is a staircase leading out of the dungeon here.
Are you sure you want to leave the Dungeon?
This will make you lose the game!
You have escaped!

###################
#....#...8...#....#
#.@..#.8.....'..⌠.#
#....#...⌠...#....#
#....'.....8.#....#
###..#.......#..###
####..8.8..####♣.
#.......##♣♣♣.
###...###♣♣...
..♣#'''#♣♣♣....
.............♣##


There were no monsters in sight!

Vanquished Creatures
  3 giant cockroaches (D:1)
  A cinder newt (D:1)
  A leopard gecko (D:1)
  3 bats (D:1)
  A goblin (D:1)
  2 hobgoblins (D:1)
  A kobold (D:1)
  5 rats (D:1)
17 creatures vanquished.

Notes
Turn   | Place    | Note
-------+----------+-------------------------------------------
     0 | D:1      | Leeroy the Silent Spectre Merfolk began the quest for the
                  | Orb.
     0 | D:1      | Reached XP level 1. HP: 18/18 MP: 4/4
    53 | D:1      | Reached skill level 4 in Dodging
    53 | D:1      | Reached XP level 2. HP: 24/25 MP: 5/5
    54 | D:1      | Reached XP level 3. HP: 29/31 MP: 6/6
   295 | D:1      | Reached skill level 1 in Stealth
   423 | D:$      | Got out of the dungeon intact.

Illustrated notes

Levels and vault maps discovered:
D:1:      sevenhm_arrival_forest_fort_large_2, layout_basic,
          portal_sewer_entry_e

Skill      XL: |  1  2  3 |
---------------+----------+-----
Long Blades    | 3 |  3.6
Dodging        | 4 |  4.3
Fighting       | 2 |  2.3
Stealth        | 1 |  1.1
Armour         | |  0.2
Unarmed Combat | |  0.1
Evocations     | |  2.4

Action                   || total
-------------------------++-------
Melee: Long sword        ||    26
       Unarmed           ||    12
 Stab: Sleeping          ||     4
Armor: Leather armour    ||    13
Dodge: Dodged            ||    11
       Rpst.: Long sword ||     4
